Map: Backwater LE

Players

luisator - Winner!

  • Race: Protoss Protoss
  • League: Platinum
  • Spawn Location: 5:00

axu

  • Race: Protoss Protoss
  • League: Platinum
  • Spawn Location: 11:00

VOD

Have the link to the VOD?

Description

Time

  • Played on: April 21, 2018, 9:12 p.m.
  • Length: 5:38
Show
View Real Time Build Order
Export as new Build Order

luisator Protoss - Winner!

Build Orders:  

Get SALT Encoding   

  1  0:00  Probe  
  12  0:06  Probe  
  14  0:16  Probe  
  15  0:22  Pylon  
  15  0:40  Probe  
  15  0:42  Gateway  
  16  0:45  Assimilator  
  16  0:52  Probe  
  17  1:00  Probe  
  18  1:08  Probe  
  18  1:18  Gateway  
  19  1:19  Probe  
  20  1:38  Cybernetics Core  
  20  1:44  Zealot  
  20  1:45  Probe  
  20  1:46  Pylon  
  23  1:52  Gateway  
  23  2:04  Probe  
  24  2:08  Pylon  
  24  2:18  Twilight Council  
  24  2:24  Warp Gate  
  24  2:26  Zealot x2  
  28  2:35  Gateway  
  28  2:41  Zealot  
  30  3:00  Charge  
  30  3:01  Pylon  
  30  3:03  Pylon  
  29  3:15  Zealot x2  
  29  3:16  Zealot  
  35  3:28  Zealot  
  35  3:31  Probe  
  38  3:43  Stalker  
  32  4:08  Probe  
  33  4:20  Probe  
  34  4:32  Probe  
  35  4:45  Probe  
  36  4:48  Zealot  
  36  4:49  Zealot x3  
  42  4:57  Probe  
  39  5:15  Zealot x3  
  39  5:17  Zealot  
Show
View Real Time Build Order
Export as new Build Order

axu Protoss 

Build Orders:  

Get SALT Encoding   

  12  0:01  Probe  
  14  0:14  Probe  
  14  0:21  Pylon  
  14  0:26  Probe  
  15  0:40  Probe  
  16  0:45  Gateway  
  16  0:52  Probe  
  17  0:57  Assimilator  
  17  1:04  Probe  
  18  1:11  Assimilator  
  18  1:16  Gateway  
  18  1:31  Probe  
  18  1:39  Probe, Cybernetics Core  
  20  1:49  Probe  
  21  2:01  Probe  
  22  2:13  Probe  
  22  2:14  Pylon  
  23  2:17  Warp Gate  
  23  2:32  Adept x2, Probe  
  28  2:43  Robotics Facility  
  28  3:05  Stalker  
  30  3:15  Pylon  
  30  3:24  Probe  
  31  3:28  Stalker  
  31  3:30  Stalker  
  35  3:45  Immortal  
  35  3:53  Stalker  
  35  3:54  Pylon  
  37  3:56  Stalker  
  39  4:16  Gateway  
  39  4:18  Gateway  
  43  4:24  Immortal  
  37  5:02  Stalker x2  
Tags
 
Add a new tag
Caveats
  • Supply blocks, unpowered buildings, or Contaminate may cause inaccurate times.
  • Supply counts are checked every 10 seconds.